 Dungeon Crawl Stone Soup version 0.32-a0-913-g739538afd8 (webtiles) character file.

Game seed: 122145519761100931

12322 dialectric the Fighter (level 11, -2/102 HPs)
             Began as a White Draconian Hunter on Apr 8, 2024.
             Killed from afar by a gargoyle (15 damage)
             ... with a stone arrow
             ... on level 12 of the Dungeon.
             The game lasted 00:22:04 (10114 turns).

dialectric the Fighter (White Draconian Hunter)    Turns: 10114, Time: 00:22:04

Health: -2/102     AC:  7    Str: 19    XL:     11   Next: 60%
Magic:  11/11      EV: 18    Int: 10    God:
Gold:   1077       SH:  0    Dex: 19    Spells: 10/10 levels left

rFire   . . .        n - +0 dagger (venom)
rCold   + . .        (no shield)
rNeg    . . .        (body armour unavailable)
rPois   .            (helmet currently unavailable)
rElec   .            (cloak currently unavailable)
rCorr   .            (gloves currently unavailable)
SInv    +            (boots currently unavailable)
Will    .....        A - amulet of regeneration
Stlth   +++          y - +6 ring of strength
HPRegen 1.17/turn    D - ring of see invisible
MPRegen 0.12/turn

%: no passive effects
@: beast-form, marked, invisible
A: beast (slay +4), glacial breath, AC +7, unfitting armour, cold resistance 1,
cold-blooded, talons 1, sense surroundings 2
a: Glacial Breath, Begin Untransformation


You were on level 12 of the Dungeon.
You were a hulking beast.
You visited 1 branch of the dungeon, and saw 12 of its levels.
You also visited: Bailey.

You collected 1077 gold pieces.

Inventory:

Hand Weapons
 g - a +2 whip of flaming
 h - a +0 arbalest
 n - a +0 dagger of venom (weapon)
 q - a +1 flail of protection
 H - a +0 orcbow
Missiles
 x - 19 poisoned darts (quivered)
Armour
 I - a +0 cloak
Jewellery
 s - a ring of resist corrosion
 y - a +6 ring of strength (left hand)
 A - an amulet of regeneration (around neck)
 D - a ring of see invisible (right hand)
 G - a ring of protection from fire
Talismans
 B - a beast talisman (active)
 C - a blade talisman
Wands
 a - a wand of flame (10)
 c - a wand of quicksilver (7)
 r - a wand of paralysis (10)
 J - a wand of digging (3)
 M - a wand of warping (17)
 Q - a wand of mindburst (9)
Scrolls
 b - a scroll of butterflies
 d - 4 scrolls of enchant armour
 i - 3 scrolls of teleportation
 k - 2 scrolls of vulnerability
 l - a scroll of amnesia
 m - a scroll of fog
 p - a scroll of torment
 K - a scroll of enchant weapon {unknown}
 L - 2 scrolls of poison {unknown}
 N - a scroll of identify
 O - 3 scrolls of immolation
Potions
 f - a potion of degeneration
 o - a potion of lignification
 t - a potion of magic
 u - 3 potions of mutation
 v - 2 potions of brilliance
 z - a potion of might
 E - a potion of resistance
 F - a potion of attraction
 P - a potion of berserk rage
Miscellaneous
 j - a phial of floods


   Skills:
 - Level 11.0 Fighting
 - Level 4.0 Short Blades
 - Level 4.0 Ranged Weapons
 + Level 10.1 Dodging
 - Level 3.1 Stealth
 - Level 2.0 Evocations
 + Level 9.3 Shapeshifting


You had 10 spell levels left.
You didn't know any spells.
Your spell library contained the following spells:

 Spells                   Type           Power      Damage    Failure   Level
 Apportation              Tloc           0%         N/A       36%         1
 Blink                    Tloc           0%         N/A       50%         2
 Call Imp                 Summ           0%         N/A       50%         2
 Lesser Beckoning         Tloc           0%         N/A       50%         2
 Momentum Strike          Conj/Tloc      0%         3d8       50%         2
 Static Discharge         Conj/Air       0%         3-3/arc   50%         2
 Sublimation of Blood     Necr           0%         N/A       50%         2
 Frozen Ramparts          Ice            0%         1d1       75%         3
 Ozocubu's Armour         Ice            0%         N/A       75%         3
 Airstrike                Air            0%         2d(0-16)  98%         4
 Summon Blazeheart Golem  Fire/Summ      0%         N/A       98%         4
 Summon Lightning Spire   Summ/Air       0%         N/A       98%         4
 Metabolic Englaciation   Hex/Ice        0%         N/A       100%        5
 Malign Gateway           Summ/Tloc      0%         N/A       100%        7
 Manifold Assault         Tloc           0%         N/A       100%        7
 Summon Hydra             Summ           0%         N/A       100%        7


Dungeon Overview and Level Annotations

Branches:
Dungeon (12/15)            Temple (0/1) D:7             Orc (0/2) D:12
 Bailey (visited)
   Lair: D:8-11

Altars:
Cheibriados
Elyvilon
Gozag
Okawaru
Sif Muna
Uskayaw
Vehumet

Shops:
D:10 (

Portals:
Trove: D:11 (give 19 potions of curing)
Ice
Cave: D:12

Annotations:
D:6 3 runed translucent doors, Foxy's ghost, novice CoGl
D:9 Erica


Innate Abilities, Weirdness & Mutations

You are a hulking beast.
Your limbs bulge with bestial killing power. (Slay +4)
You can breathe waves of cold which freeze foes solid.
Your icy white scales are hard. (AC +7)
You cannot fit into any form of body armour.
Your flesh is cold resistant. (rC+)
You are cold-blooded and may be slowed by cold attacks.
You have sharp toenails.
You passively map the area around you.


Message History

The vampire mosquito completely misses you. x2
The gargoyle barely misses you. The vampire mosquito bites you.
The vampire mosquito draws strength from your injuries!
Unknown command.
You hit the gargoyle but do no damage.
You claw the gargoyle, but do no damage.
The vampire mosquito bites you!
The vampire mosquito draws strength from your injuries!
The vampire mosquito barely misses you. The gargoyle hits you with a +0 flail!!
The vampire mosquito barely misses you.
You are too injured to fight recklessly!
You are too injured to fight recklessly!
Unknown command.
You hit the vampire mosquito. You claw the vampire mosquito!
You tail-slap the vampire mosquito.
The vampire mosquito is heavily damaged.
The vampire mosquito bites you!
The vampire mosquito draws strength from your injuries!
The vampire mosquito closely misses you.
The gargoyle hurls a stone arrow at you.
The stone arrow hits you!
* * * LOW HITPOINT WARNING * * *
The vampire mosquito closely misses you.
The vampire mosquito bites you!
* * * LOW HITPOINT WARNING * * *
The vampire mosquito draws strength from your injuries!
The vampire mosquito misses you.
The vampire mosquito closely misses you.
Unknown command.
You fade into invisibility!
The vampire mosquito closely misses you. x2
The vampire mosquito barely misses you. x2
Unknown command.
You feel better. The vampire mosquito bites you!
* * * LOW HITPOINT WARNING * * *
The vampire mosquito draws strength from your injuries!
The vampire mosquito closely misses you. x2
The gargoyle hurls a stone arrow at you.
The stone arrow hits you!
You die...

*#.# *#., ,, #..#
#..., ,, *#..#*
#..... ,
#...#######......
#....##........#
##..............#
#...............##
* #yy9.........# *
##h....∩.....## *
* ##.......#...##
, #.......##...##
#.......##....## *
*
#..............##
#...###...........
#...# ##..........
#..## ##.........
#.. ##.......#


You could see 2 vampire mosquitoes and a gargoyle (unable to see you).

Vanquished Creatures
  A boulder beetle (D:11)
  A two-headed ogre (D:10)
  Lodul (D:11)
  Pikel (D:4)
  An unseen horror (D:11)
  4 trolls (D:11)
  2 wraiths
  18 yaks
  A wyvern (D:9)
  A warg (D:12)
  2 vampire mosquitoes (D:12)
  A steam dragon (D:7)
  An acid dragon (D:8)
  A water moccasin (D:8)
  4 orc warriors
  2 black bears
  A sky beast (D:6)
  A wolf (D:11)
  11 ogres
  7 centaurs
  A lemure (D:4)
  A phantom (D:5)
  2 kobold brigands
  6 bullfrogs
  2 scorpions (D:5)
  3 gnoll sergeants
  8 killer bees (D:9)
  9 vampire bats (Bailey)
  3 howler monkeys
  9 wolf zombies (Bailey)
  2 bombardier beetles
  3 hounds
  2 jellies
  5 iguanas
  9 orc wizards
  A sleepcap (D:5)
  7 adders
  17 gnolls
  16 white imps
  4 ufetubi
  2 ribbon worms (D:2)
  25 orcs
  5 endoplasms
  4 giant cockroaches
  11 goblins
  10 hobgoblins
  4 jackals (D:3)
  3 quokkas
  5 ball pythons
  2 bats
  3 frilled lizards
  14 kobolds
  16 orc zombies (Bailey)
  7 rats
283 creatures vanquished.

Vanquished Creatures (others)
  An orc wizard (D:10)
1 creature vanquished.

Grand Total: 284 creatures vanquished

Notes
Turn   | Place    | Note
-------+----------+-------------------------------------------
     0 | D:1      | dialectric the Draconian Hunter began the quest for the
                  | Orb.
     0 | D:1      | Reached XP level 1. HP: 17/17 MP: 1/1
    39 | D:1      | Reached skill level 1 in Stealth
    90 | D:1      | Reached XP level 2. HP: 25/25 MP: 2/2
   792 | D:2      | Reached XP level 3. HP: 29/30 MP: 3/3
  1433 | D:2      | Reached skill level 3 in Fighting
  1859 | D:3      | Found a faded altar of an unknown god.
  1865 | D:3      | Reached XP level 4. HP: 36/38 MP: 4/4
  2224 | D:3      | Found a radiant altar of Vehumet.
  2384 | D:3      | Reached skill level 1 in Short Blades
  2546 | D:4      | Reached XP level 5. HP: 45/45 MP: 5/5
  2571 | D:4      | Got Hyashrij's Vademecum on Hyperthermia and Location
  2624 | D:4      | Noticed a lemure
  2624 | D:4      | Noticed a lemure
  2625 | D:4      | Noticed Pikel
  2629 | D:4      | Noticed a lemure
  2643 | D:4      | Killed a lemure
  2649 | D:4      | Noticed a lemure
  2650 | D:4      | Gained mutation: You passively map a small area around you.
                  | [potion of mutation]
  2650 | D:4      | Gained mutation: You passively map the area around you.
                  | [potion of mutation]
  2650 | D:4      | Gained mutation: You have sharp toenails. [potion of
                  | mutation]
  2652 | D:4      | Killed Pikel
  2653 | D:4      | Reached skill level 5 in Fighting
  2653 | D:4      | Reached XP level 6. HP: 19/56 MP: 6/6
  2653 | D:4      | Your scales start taking on an icy white colour.
  2653 | D:4      | Reached XP level 7. HP: 21/61 MP: 7/7
  2653 | D:4      | Gained mutation: Your flesh is cold resistant. (rC+) [White
                  | Draconian growth]
  2822 | D:4      | Found an iron altar of Okawaru.
  3037 | D:5      | Entered Level 5 of the Dungeon
  3426 | D:5      | Reached skill level 6 in Fighting
  3568 | D:5      | Reached skill level 5 in Dodging
  3574 | D:5      | Reached XP level 8. HP: 71/71 MP: 8/8
  3921 | D:6      | Found a shimmering blue altar of Sif Muna.
  3952 | D:5      | Reached skill level 7 in Fighting
  4169 | D:6      | Identified the +4 sling of the Kissing Soothsayer {drain,
                  | rElec rC+}
  4257 | D:6      | Reached skill level 8 in Fighting
  4345 | D:6      | Reached skill level 1 in Shapeshifting
  4345 | D:6      | Reached XP level 9. HP: 73/81 MP: 9/9
  4448 | D:6      | Found a white marble altar of Elyvilon.
  4455 | D:6      | You fall into a shaft and drop 2 floors!
  4568 | D:8      | Found a snail-covered altar of Cheibriados.
  5176 | D:7      | Noticed a +0 hand axe
  5540 | D:7      | Found a staircase to the Ecumenical Temple.
  5577 | D:7      | Found a hide-covered altar of Uskayaw.
  5580 | D:7      | Noticed a +0 hand axe
  5588 | D:7      | Reached skill level 9 in Fighting
  6024 | D:6      | Found a runed translucent gate.
  6024 | D:6      | Found a runed translucent gate.
  6025 | D:6      | Found a runed translucent gate.
  6029 | D:6      | Noticed Foxy's ghost (novice CoGl)
  6212 | D:8      | Reached skill level 5 in Shapeshifting
  6835 | D:7      | Reached XP level 10. HP: 38/91 MP: 10/10
  7153 | D:9      | Noticed Erica
  7392 | D:10     | Entered Level 10 of the Dungeon
  7432 | D:9      | Reached skill level 10 in Fighting
  7473 | D:10     | Found Hasaim's Weapon Shop.
  7522 | D:10     | Noticed a two-headed ogre
  7532 | D:10     | Killed a two-headed ogre
  7574 | D:10     | Found a flagged portal.
  7598 | Bailey   | Entered a bailey
  8177 | D:10     | Reached XP level 11. HP: 84/101 MP: 11/11
  8258 | D:10     | Found an opulent altar of Gozag.
  8835 | D:11     | Reached skill level 1 in Evocations
  8888 | D:11     | Noticed a boulder beetle
  8902 | D:11     | Killed a boulder beetle
  9070 | D:11     | Noticed Lodul
  9171 | D:11     | Reached skill level 11 in Fighting
  9548 | D:11     | Killed Lodul
  9740 | D:11     | Found a portal to a secret trove of treasure.
  9848 | D:12     | Found a staircase to the Orcish Mines.
  9849 | D:12     | Noticed a skeletal warrior
  9852 | D:12     | Reached skill level 10 in Dodging
  9950 | D:12     | Found a frozen archway.
 10114 | D:12     | Killed from afar by a gargoyle

Illustrated notes

Levels and vault maps discovered:
D:1:      roadster_arrival_rocket_small, layout_basic, minmay_misc_feat_encased,
          nrook_loot_triangle
D:2:      layout_basic
D:3:      layout_loops_ring, lemuel_coloured_pillars_altar,
          chequers_ecumenical_altar_simple
D:4:      layout_rooms, hellmonk_okawaru_the_only_friend_you_need, uniq_pikel
D:5:      layout_loops_corners
D:6:      layout_rooms, nicolae_elyvilon_peaceful_grove,
          mainiacjoe_overflow_six_doors_small, gammafunk_ghost_necromancy
D:7:      layout_loops_ring, dancing_weapons_uskayaw, minmay_temple_entry_grid
D:8:      layout_layer_cave, mainiacjoe_overflow_concentric_impassable
D:9:      layout_rooms, grunt_temple_overflow_holy_war,
          erik_lair_orcish_takeover, uniq_jeremiah, uniq_erica
D:10:     layout_cave_pools, grunt_gozag_statues, serial_shops, shop,
          enter_bailey_4, grunt_ministairs_10
D:11:     layout_loops_cross, trove_entry_hex_spiral, uniq_lodul
D:12:     minmay_inner_zag, layout_layer_cave, minmay_orc_entry_guard_dogs,
          portal_ice_cave_entry_imps

Skill      XL: |  1  2  3  4  5  6  7  8  9 10 11 |
---------------+----------------------------------+-----
Stealth        | 1 2 3 |  3.1
Dodging        | 2 4 5 7 8 9 10 | 10.1
Ranged Weapons | 4 |  4.0
Fighting       | 3 5 6 8 9 10 11 | 11.0
Short Blades   | 1 3 4 |  4.0
Shapeshifting  | 1 5 8 9 |  9.3
Evocations     | 2 |  2.0

Action                     |  1- 3 |  4- 6 |  7- 9 | 10-12 || total
---------------------------+-------+-------+-------+-------++-------
  Melee: Dagger            |    83 |    83 |   516 |   463 ||  1145
         Tailslap          |     8 |    14 |    94 |    91 ||   207
         Kick              |       |       |   201 |   202 ||   403
   Fire: Shortbow          |    49 |       |       |       ||    49
         Orcbow            |       |       |       |    11 ||    11
         Arbalest          |       |       |       |    14 ||    14
  Throw: Dart              |       |     4 |    10 |    24 ||    38
Ability: Glacial Breath    |       |       |     1 |     8 ||     9
  Evoke: Wand              |       |       |       |     3 ||     3
         Phial of floods   |       |       |       |     1 ||     1
    Use: Potion            |       |     4 |     2 |     4 ||    10
         Scroll            |       |       |     9 |    12 ||    21
   Stab: Sleeping          |     3 |     7 |     7 |     4 ||    21
 Armour: Skin              |    60 |    55 |   353 |   295 ||   763
  Dodge: Dodged            |    54 |    41 |   437 |   470 ||  1002
   Form: Beast             |       |       |       |     1 ||     1

Table legend: (Time is in decaauts)
 A = Elapsed time spent in this place.
 B = Non-inter-level travel time spent in this place.
 C = Inter-level travel time spent in this place.
 D = Time resting spent in this place.
 E = Time spent auto-exploring this place.
 F = Levels seen in this place.
 G = Mean time per level.
                   A        B        C        D        E       F      G
               +--------+--------+--------+--------+--------+-----+--------+
         Total |   9964 |   9450 |    514 |    335 |   5937 |  13 |  766.5 |
       Dungeon |   9575 |   9061 |    514 |    335 |   5910 |  12 |  797.9 |
        Bailey |    389 |    389 |      0 |      0 |     27 |   1 |  389.0 |
               +--------+--------+--------+--------+--------+-----+--------+

Top non-repeatable levels by time:
     D:8: 1465 daAuts
    D:11: 1235 daAuts
     D:5: 986 daAuts
     D:2: 931 daAuts
     D:7: 866 daAuts
     D:3: 846 daAuts
    D:10: 804 daAuts
     D:1: 765 daAuts
     D:6: 517 daAuts
     D:4: 498 daAuts
     D:9: 470 daAuts
  Bailey: 389 daAuts
    D:12: 187 daAuts
